 Dungeon Crawl Stone Soup version 0.30-a0-715-gdb4ae3ece1 (webtiles) character file.

Game seed: 1421945852268131747

81 testman the Trooper (level 4, -6/42 HPs)
             Began as an Armataur Fighter on Jan 23, 2023.
             Blown up by Ijyb (10 damage)
             ... with a mindburst bolt
             ... on level 3 of the Dungeon.
             The game lasted 00:04:31 (1973 turns).

testman the Trooper (Armataur Fighter)              Turns: 1973, Time: 00:04:31

Health: -6/42      AC:  8    Str: 23    XL:     4   Next: 19%
Magic:  4/4        EV:  7    Int:  9    God:
Gold:   138        SH:  4    Dex:  9    Spells: 3/3 levels left

rFire   . . .      SeeInvis .    a - +0 flail
rCold   . . .      Faith    .    c - +0 buckler
rNeg    . . .      Spirit   .    b - +0 scale mail
rPois   .          Reflect  .    j - +0 helmet
rElec   .          Harm     .    (no cloak)
rCorr   .          Roll     +    (no gloves)
Will    .....                    (no barding) Stlth
                                 h - amulet of magic regeneration
HPRegen 0.27/turn                (no ring)
MPRegen 0.49/turn                (no ring)

@: no status effects
A: large, rugged brown scales 3, deformed body, armoured tail, roll, long
tongue, awkward tongue
a: no special abilities


You were on level 3 of the Dungeon.
You visited 1 branch of the dungeon, and saw 3 of its levels.

You collected 138 gold pieces.

Inventory:

Hand Weapons
 a - a +0 flail (weapon)
Missiles
 l - 10 poisoned darts (quivered)
 n - 2 boomerangs
 s - 6 curare-tipped darts
Armour
 b - a +0 scale mail (worn)
 c - a +0 buckler (worn)
 j - a +0 helmet (worn)
Jewellery
 h - an amulet of magic regeneration (around neck)
Scrolls
 e - 2 scrolls of teleportation {unknown}
 g - a scroll of vulnerability {unknown}
 i - 2 scrolls of identify {unknown}
 p - a scroll of poison {unknown}
 q - a scroll of acquirement {unknown}
Potions
 d - a potion of might
 f - 2 potions of heal wounds {unknown}
 k - a potion of degeneration {unknown}
 m - 3 potions of cancellation {unknown}
 o - a potion of curing {unknown}
 r - a potion of magic {unknown}


   Skills:
 + Level 3.7 Fighting
 + Level 3.1 Maces & Flails
 - Level 3.6 Armour
 - Level 3.2 Shields


You had 3 spell levels left.
You didn't know any spells.
Your spell library contained the following spells:

 Spells                   Type           Power      Damage    Failure   Level
 Dazzling Flash           Conj/Hex       0%         N/A       98%         3
 Iskenderun's Mystic Bla  Conj/Tloc      0%         2d3       100%        4
 Starburst                Conj/Fire      0%         6d3       100%        6


Dungeon Overview and Level Annotations

Branches:
Dungeon (3/15)

Altars:

Annotations:
D:3 Ijyb


Innate Abilities, Weirdness & Mutations

You are completely covered in rugged brown scales. (AC +3, +7% HP)
Armour fits poorly on your strangely shaped body.
You have a long armoured tail.
You roll when moving toward enemies. (Rampage)
Your long tongue fully drains potion bottles. (2x potion effects)
Your tongue gives you trouble enunciating. (1.5x scroll delay)


Message History

Ijyb hits you with a +0 dagger.
You closely miss the quokka.
The quokka is heavily wounded.
The quokka bites you but does no damage.
Ijyb hits you but does no damage. You block the quokka's attack.
You closely miss the quokka.
Your tail-slap misses the quokka.
The quokka is heavily wounded.
Ijyb hits you but does no damage.
The quokka bites you but does no damage.
You hit Ijyb.
Ijyb is severely wounded.
The quokka bites you. Ijyb hits you with a +0 dagger. The quokka bites you.
* * * LOW HITPOINT WARNING * * *
Ijyb zaps a wand.
Your mind is blasted!
* * * LOW HITPOINT WARNING * * *
You hit the quokka.
You kill the quokka!
Ijyb closely misses you.
You hit Ijyb but do no damage.
Ijyb is severely wounded.
Ijyb hits you with a +0 dagger.
* * * LOW HITPOINT WARNING * * *
You barely miss Ijyb.
Ijyb is severely wounded.
Ijyb barely misses you.
You hit Ijyb. You tail-slap Ijyb.
Ijyb is severely wounded.
Ijyb barely misses you. Ijyb hits you with a +0 dagger.
* * * LOW HITPOINT WARNING * * *
You barely miss Ijyb.
Ijyb is severely wounded.
Ijyb hits you but does no damage.
You closely miss Ijyb. You tail-slap Ijyb, but do no damage.
Ijyb is severely wounded.
Ijyb screams, "Me very upset!"
Ijyb hits you but does no damage.
You closely miss Ijyb.
Ijyb is severely wounded.
Ijyb hits you but does no damage.
Ijyb zaps a wand.
Your mind is blasted!
You die...

.# .### .... ####
..# #.. ...#
########.##...###
.................
#........@g......
##
#.#####$.##..?...
.. .........#
..###
.#####.##.#...#
.#
...##.##.....##
..
#..##.##......#
#.
#..##.##......#
#..##.##......#.
#...............#


You could see Ijyb.

Vanquished Creatures
  2 adders (D:2)
  3 worms (D:2)
  5 ball pythons
  6 bats
  8 endoplasms
  4 giant cockroaches
  3 goblins
  2 hobgoblins
  3 jackals (D:2)
  A quokka (D:3)
  5 frilled lizards
  3 kobolds
  8 rats
53 creatures vanquished.

Notes
Turn   | Place    | Note
-------+----------+-------------------------------------------
     0 | D:1      | testman the Armataur Fighter began the quest for the Orb.
     0 | D:1      | Reached XP level 1. HP: 19/19 MP: 1/1
    89 | D:1      | Found a faded altar of an unknown god.
   138 | D:1      | Reached XP level 2. HP: 27/27 MP: 2/2
  1126 | D:1      | Reached XP level 3. HP: 19/33 MP: 3/3
  1366 | D:2      | Reached XP level 4. HP: 37/42 MP: 4/4
  1948 | D:3      | Noticed Ijyb
  1973 | D:3      | Blown up by Ijyb

Illustrated notes

Levels and vault maps discovered:
D:1:      onia_arrival_mini_maze_b, layout_loops_corners,
          hellmonk_ecumenical_altar_blasted, kennysheep_doodads,
          kennysheep_flooded_box, minmay_heptomino_o4
D:2:      layout_loops_ring, grunt_ministairs_6, minmay_misc_feat_x,
          columned_hall_lemuel
D:3:      layout_basic, tgw_xom, uniq_grinder, uniq_ijyb

Skill      XL: |  1  2  3 |
---------------+----------+-----
Maces & Flails | 2 3 |  3.1
Fighting       | 3 |  3.7
Armour         | |  3.6
Shields        | |  3.2

Action                     |  1- 3 |  4- 6 || total
---------------------------+-------+-------++-------
  Melee: Flail             |   118 |    55 ||   173
         Tailslap          |    12 |     7 ||    19
 Armour: Scale mail        |    80 |    35 ||   115
  Dodge: Dodged            |    44 |    20 ||    64
  Block: Buckler           |    34 |     7 ||    41

Table legend: (Time is in decaauts)
 A = Elapsed time spent in this place.
 B = Non-inter-level travel time spent in this place.
 C = Inter-level travel time spent in this place.
 D = Time resting spent in this place.
 E = Time spent auto-exploring this place.
 F = Levels seen in this place.
 G = Mean time per level.
                   A        B        C        D        E       F      G
               +--------+--------+--------+--------+--------+-----+--------+
         Total |   2026 |   1921 |    105 |     47 |   1475 |   3 |  675.3 |
       Dungeon |   2026 |   1921 |    105 |     47 |   1475 |   3 |  675.3 |
               +--------+--------+--------+--------+--------+-----+--------+

Top non-repeatable levels by time:
     D:1: 1186 daAuts
     D:2: 790 daAuts
     D:3: 49 daAuts
